3AA
MINNESOTA LOONS @ SQUIRREL HILL PIEROGIS
09/05/2042
 
TOP OF THE 1ST
Minnesota Loons batting - Pitching for Squirrel Hill Pierogis : LHP Fernando Alou
Pitching: LHP Fernando Alou
Batting: LHB Steve Williams 0-0: Foul Ball, location: 2F
0-1: Foul Ball, location: 2F
0-2: Strikes out looking
Batting: RHB Dan Barnes 0-0: Foul Ball, location: 2F
0-1: Called Strike
0-2: DOUBLE (Flyball, 8LXD, EV 98.1 MPH)
Batting: RHB Sergei Adjubei 0-0: Called Strike
0-1: Ball
1-1: Ball
2-1: Ground out U3 (Groundball, 3L, EV 79.4 MPH)
Dan Barnes to third
Batting: SHB Pavlushenka Galanov 0-0: Ball
1-0: Ground out 6-3 (Groundball, 6D, EV 99.4 MPH)
Top of the 1st over - 0 runs, 1 hit, 0 errors, 1 left on base; Minnesota 0 - Squirrel Hill 0
BOTTOM OF THE 1ST
Squirrel Hill Pierogis batting - Pitching for Minnesota Loons : RHP Fred Olsen
Pitching: RHP Fred Olsen
Batting: RHB Román García 0-0: Called Strike
0-1: Ball
1-1: Ball
2-1: SINGLE (Line Drive, 34, EV 106.2 MPH)
Batting: SHB Aubrey Magee 0-0: Ball
1-0: SINGLE (Groundball, 4D, EV 94.4 MPH)
Román García to second
Runner from 2nd tries for 3rd, SAFE, no throw by CF
Batting: RHB Franck Morel 0-0: Fly out, F9 (Flyball, 9S, EV 92.5 MPH)
Batting: SHB Cristo López 0-0: Called Strike
0-1: Fielders Choice at 2nd, 5-4 (Groundball, 56, EV 109.4 MPH)
Román García scores
Batting: SHB Rodrigo Santana 0-0: Ball
1-0: Ball
2-0: Ball
3-0: Base on Balls
Cristo López to second
Batting: LHB Luis Escribano 0-0: Ball
1-0: Swinging Strike
1-1: Ball
2-1: Ground out 4-3 (Groundball, 4D, EV 80.0 MPH)
Bottom of the 1st over - 1 run, 2 hits, 0 errors, 2 left on base; Minnesota 0 - Squirrel Hill 1
TOP OF THE 2ND
Minnesota Loons batting - Pitching for Squirrel Hill Pierogis : LHP Fernando Alou
Batting: RHB Alberto Zúńiga 0-0: Swinging Strike
0-1: Ball
1-1: Foul Ball, location: 2F
1-2: Foul Ball, location: 2F
1-2: Ball
2-2: Foul Ball, location: 2F
2-2: Foul Ball, location: 2F
2-2: Strikes out swinging
Batting: RHB José Garrastazu 0-0: Ball
1-0: Ball
2-0: Ground out 4-3 (Groundball, 4S, EV 76.2 MPH)
Batting: RHB Martin Mullinger 0-0: Reached on error, E6 (Groundball, 6, EV 100.0 MPH)
Batting: RHB Tso-i Joo 0-0: Called Strike
0-1: Foul Ball, location: 2F
0-2: Ball
1-2: Ground out 6-3 (Groundball, 6, EV 101.9 MPH)
Top of the 2nd over - 0 runs, 0 hits, 1 error, 1 left on base; Minnesota 0 - Squirrel Hill 1
BOTTOM OF THE 2ND
Squirrel Hill Pierogis batting - Pitching for Minnesota Loons : RHP Fred Olsen
Batting: LHB António Muńóz 0-0: Ball
1-0: Foul Ball, location: 2F
1-1: Foul Ball, location: 2F
1-2: SINGLE (Line Drive, 4MD, EV 95.0 MPH)
Batting: RHB Ryan McCarty 0-0: Called Strike
0-1: Ball
1-1: Foul Ball, location: 2F
1-2: Fly out, F9 (Line Drive, 9, EV 95.6 MPH)
Batting: RHB Brian Martin 0-0: Called Strike
0-1: Swinging Strike
0-2: Ball
1-2: Strikes out swinging
António Muńóz steals 2nd base
Batter strikes out.
Batting: RHB Román García 0-0: Ball
1-0: Ball
2-0: Foul Ball, location: 2F
2-1: Swinging Strike
2-2: Foul Ball, location: 2F
2-2: Foul Ball, location: 2F
2-2: Ground out 5-3 (Groundball, 56, EV 95.0 MPH)
Bottom of the 2nd over - 0 runs, 1 hit, 0 errors, 1 left on base; Minnesota 0 - Squirrel Hill 1
TOP OF THE 3RD
Minnesota Loons batting - Pitching for Squirrel Hill Pierogis : LHP Fernando Alou
Batting: LHB Derrek Guthrie 0-0: Called Strike
0-1: SINGLE (Line Drive, 89S, EV 97.5 MPH)
Batting: LHB Steve Williams 0-0: Foul Ball, location: 2F
0-1: Foul Ball, location: 2F
0-2: Hit by Pitch
Derrek Guthrie to second
Batting: RHB Dan Barnes 0-0: Called Strike
0-1: Foul Ball, location: 2F
0-2: Ball
1-2: Grounds into double play, 6-4-3 (Groundball, 6, EV 84.4 MPH)
Derrek Guthrie to third
Batting: RHB Sergei Adjubei 0-0: Ball
1-0: Ground out 1-3 (Groundball, 13S, EV 71.2 MPH)
Top of the 3rd over - 0 runs, 1 hit, 0 errors, 1 left on base; Minnesota 0 - Squirrel Hill 1
BOTTOM OF THE 3RD
Squirrel Hill Pierogis batting - Pitching for Minnesota Loons : RHP Fred Olsen
Batting: SHB Aubrey Magee 0-0: Ball
1-0: Called Strike
1-1: Foul Ball, location: 2F
1-2: SINGLE (Groundball, 4MD, EV 96.2 MPH)
Batting: RHB Franck Morel 0-0: Called Strike
0-1: Ball
1-1: Called Strike
1-2: Foul Ball, location: 2F
1-2: Fly out, F9 (Line Drive, 9, EV 100.0 MPH)
Batting: SHB Cristo López 0-0: Ball
1-0: Ball
2-0: Called Strike
2-1: Ball
3-1: Foul Ball, location: 2F
3-2: Foul Ball, location: 2F
3-2: Base on Balls
Aubrey Magee to second
Batting: SHB Rodrigo Santana 0-0: Foul Ball, location: 2F
0-1: Ball
1-1: Ball
2-1: Ball
3-1: Foul Ball, location: 2F
3-2: SINGLE (Groundball, 34D, EV 95.0 MPH)
Aubrey Magee to third
Cristo López to second
Throwing error, E9
Aubrey Magee scores
Cristo López to third
Rodrigo Santana to second
Batting: LHB Luis Escribano 0-0: SINGLE (Groundball, 3S, EV 94.4 MPH) (infield hit)
Cristo López scores
Rodrigo Santana to third
Batting: LHB António Muńóz 0-0: Ball
Luis Escribano steals 2nd base
1-0: SINGLE (Flyball, 4MD, EV 87.5 MPH)
Rodrigo Santana scores
Luis Escribano to third
Batting: RHB Ryan McCarty 0-0: Ball
António Muńóz steals 2nd base
1-0: Foul Ball, location: 2F
1-1: Ball
2-1: Fly out, F8 (Flyball, 8LM, EV 95.6 MPH)
Runner from 3rd tags up, SCORES, throw by CF
António Muńóz to third
Batting: RHB Brian Martin 0-0: Ball
1-0: Ball
2-0: Ball
3-0: Called Strike
3-1: Called Strike
3-2: Foul Ball, location: 2F
3-2: Foul Ball, location: 2F
3-2: Strikes out looking
Bottom of the 3rd over - 4 runs, 4 hits, 1 error, 1 left on base; Minnesota 0 - Squirrel Hill 5
TOP OF THE 4TH
Minnesota Loons batting - Pitching for Squirrel Hill Pierogis : LHP Fernando Alou
Batting: SHB Pavlushenka Galanov 0-0: Called Strike
0-1: Ball
1-1: Foul Ball, location: 2F
1-2: Fly out, F8 (Flyball, 8RD, EV 107.5 MPH)
Batting: RHB Alberto Zúńiga 0-0: SINGLE (Groundball, 56, EV 80.6 MPH) (infield hit)
Batting: RHB José Garrastazu 0-0: Foul Ball, location: 2F
0-1: Ball
1-1: Foul Ball, location: 2F
1-2: Ball
2-2: Foul Ball, location: 2F
2-2: Fly out, F9 (Flyball, 9S, EV 81.2 MPH)
Batting: RHB Martin Mullinger 0-0: Swinging Strike
0-1: Ball
1-1: Foul Ball, location: 2F
1-2: Ball
2-2: SINGLE (Groundball, 6D, EV 100.0 MPH)
Alberto Zúńiga to second
Batting: RHB Tso-i Joo 0-0: Ground out 5-3 (Groundball, 56S, EV 63.1 MPH)
Top of the 4th over - 0 runs, 2 hits, 0 errors, 2 left on base; Minnesota 0 - Squirrel Hill 5
BOTTOM OF THE 4TH
Squirrel Hill Pierogis batting - Pitching for Minnesota Loons : RHP Fred Olsen
Batting: RHB Román García 0-0: Called Strike
0-1: Ball
1-1: Foul Ball, location: 2F
1-2: Strikes out swinging
Batting: SHB Aubrey Magee 0-0: Ball
1-0: Called Strike
1-1: Foul Ball, location: 2F
1-2: Ball
2-2: Foul Ball, location: 2F
2-2: Foul Ball, location: 2F
2-2: Ball
3-2: Fly out, F9 (Flyball, 9LM, EV 86.2 MPH)
Batting: RHB Franck Morel 0-0: DOUBLE (Groundball, 5L, EV 103.8 MPH)
Pitching: LHP Rafael Gallegos
Batting: SHB Cristo López 0-0: Ball
1-0: Ball
2-0: Called Strike
2-1: Ground out 1-3 (Groundball, 13, EV 71.2 MPH)
Bottom of the 4th over - 0 runs, 1 hit, 0 errors, 1 left on base; Minnesota 0 - Squirrel Hill 5
TOP OF THE 5TH
Minnesota Loons batting - Pitching for Squirrel Hill Pierogis : LHP Fernando Alou
Batting: LHB Derrek Guthrie 0-0: Ball
1-0: Foul Ball, location: 2F
1-1: Fly out, F8 (Line Drive, 8RD, EV 84.4 MPH)
Batting: LHB Steve Williams 0-0: Ball
1-0: Foul Ball, location: 2F
1-1: Foul Ball, location: 2F
1-2: Ball
2-2: Strikes out swinging
Batting: RHB Dan Barnes 0-0: Ball
1-0: Ground out U3 (Groundball, 3L, EV 82.5 MPH)
Top of the 5th over - 0 runs, 0 hits, 0 errors, 0 left on base; Minnesota 0 - Squirrel Hill 5
BOTTOM OF THE 5TH
Squirrel Hill Pierogis batting - Pitching for Minnesota Loons : LHP Rafael Gallegos
Batting: SHB Rodrigo Santana 0-0: Called Strike
0-1: Fly out, F3 (Popup, 34, EV 75.0 MPH)
Batting: LHB Luis Escribano 0-0: Fly out, F7 (Flyball, 7LS, EV 98.8 MPH)
Batting: LHB António Muńóz 0-0: Called Strike
0-1: Ball
1-1: Ball
2-1: Swinging Strike
2-2: Foul Ball, location: 2F
2-2: SINGLE (Line Drive, 8RS, EV 90.0 MPH)
Batting: RHB Ryan McCarty 0-0: Ball
1-0: Foul Ball, location: 2F
1-1: Ball
2-1: Called Strike
2-2: Foul Ball, location: 2F
2-2: Strikes out swinging
Bottom of the 5th over - 0 runs, 1 hit, 0 errors, 1 left on base; Minnesota 0 - Squirrel Hill 5
TOP OF THE 6TH
Minnesota Loons batting - Pitching for Squirrel Hill Pierogis : LHP Fernando Alou
Batting: RHB Sergei Adjubei 0-0: Called Strike
0-1: Ball
1-1: Ball
2-1: Foul Ball, location: 2F
2-2: Foul Ball, location: 2F
2-2: Strikes out swinging
Batting: SHB Pavlushenka Galanov 0-0: Ball
1-0: Foul Ball, location: 2F
1-1: Foul Ball, location: 2F
1-2: Ball
2-2: Strikes out swinging
Batting: RHB Alberto Zúńiga 0-0: Foul Ball, location: 2F
0-1: Ground out 4-3 (Groundball, 34D, EV 105.0 MPH)
Top of the 6th over - 0 runs, 0 hits, 0 errors, 0 left on base; Minnesota 0 - Squirrel Hill 5
BOTTOM OF THE 6TH
Squirrel Hill Pierogis batting - Pitching for Minnesota Loons : LHP Rafael Gallegos
Batting: RHB Brian Martin 0-0: Called Strike
0-1: Fly out, F8 (Flyball, 8LS, EV 75.0 MPH)
Batting: RHB Román García 0-0: Ball
1-0: Ball
2-0: Ball
3-0: Base on Balls
Batting: SHB Aubrey Magee 0-0: Fly out, F8 (Flyball, 78D, EV 110.0 MPH)
Batting: RHB Franck Morel 0-0: Foul Ball, location: 2F
0-1: Swinging Strike
0-2: Ball
1-2: Fielders Choice at 2nd, 6-4 (Groundball, 6, EV 90.6 MPH)
Bottom of the 6th over - 0 runs, 0 hits, 0 errors, 1 left on base; Minnesota 0 - Squirrel Hill 5
TOP OF THE 7TH
Minnesota Loons batting - Pitching for Squirrel Hill Pierogis : LHP Fernando Alou
Batting: RHB José Garrastazu 0-0: Called Strike
0-1: Ball
1-1: Foul Ball, location: 2F
1-2: Ground out U3 (Groundball, 3, EV 86.9 MPH)
Batting: RHB Martin Mullinger 0-0: Ball
1-0: Called Strike
1-1: Ground out 6-3 (Groundball, 6, EV 79.4 MPH)
Pitching: LHP Jang-lu Moy
Batting: RHB Tso-i Joo 0-0: Ground out 1-3 (Groundball, 13, EV 90.6 MPH)
Top of the 7th over - 0 runs, 0 hits, 0 errors, 0 left on base; Minnesota 0 - Squirrel Hill 5
BOTTOM OF THE 7TH
Squirrel Hill Pierogis batting - Pitching for Minnesota Loons : LHP Rafael Gallegos
Batting: SHB Cristo López 0-0: Ball
1-0: Ground out 5-3 (Groundball, 56, EV 98.1 MPH)
Batting: SHB Rodrigo Santana 0-0: Ball
1-0: Foul Ball, location: 2F
1-1: Called Strike
1-2: Foul Ball, location: 2F
1-2: Foul Ball, location: 2F
1-2: Foul Ball, location: 2F
1-2: Foul Ball, location: 2F
1-2: DOUBLE (Line Drive, 9LM, EV 110.6 MPH)
Batting: LHB Luis Escribano 0-0: Ground out 4-3 (Groundball, 4, EV 90.6 MPH)
Rodrigo Santana to third
Batting: LHB António Muńóz 0-0: Called Strike
0-1: Called Strike
0-2: Foul Ball, location: 2F
0-2: Ball
1-2: Foul Ball, location: 2F
1-2: Strikes out swinging
Bottom of the 7th over - 0 runs, 1 hit, 0 errors, 1 left on base; Minnesota 0 - Squirrel Hill 5
TOP OF THE 8TH
Minnesota Loons batting - Pitching for Squirrel Hill Pierogis : LHP Jang-lu Moy
Batting: LHB Derrek Guthrie 0-0: Called Strike
0-1: Ball
1-1: Called Strike
1-2: Ball
2-2: Strikes out swinging
Batting: LHB Steve Williams 0-0: Ball
1-0: Called Strike
1-1: Called Strike
1-2: Strikes out swinging
Batting: RHB Dan Barnes 0-0: Ball
1-0: Called Strike
1-1: Ball
2-1: Ball
3-1: Foul Ball, location: 2F
3-2: Foul Ball, location: 2F
3-2: Base on Balls
Batting: RHB Sergei Adjubei 0-0: Called Strike
0-1: Ball
1-1: Called Strike
1-2: Ball
2-2: Fielders Choice at 2nd, 6-4 (Groundball, 6, EV 103.8 MPH)
Top of the 8th over - 0 runs, 0 hits, 0 errors, 1 left on base; Minnesota 0 - Squirrel Hill 5
BOTTOM OF THE 8TH
Squirrel Hill Pierogis batting - Pitching for Minnesota Loons : LHP Rafael Gallegos
Batting: RHB Ryan McCarty 0-0: Called Strike
0-1: Ball
1-1: Ball
2-1: Ball
3-1: Ground out 6-3 (Groundball, 6M, EV 81.2 MPH)
Batting: RHB Brian Martin 0-0: Called Strike
0-1: DOUBLE (Line Drive, 78D, EV 102.5 MPH)
Pitching: LHP Derrick Jones
Batting: RHB Román García 0-0: Ball
1-0: Fly out, F6 (Line Drive, 6, EV 73.1 MPH)
Lined into DP, 6-4 (Line Drive, 6, EV 74.4 MPH)
Bottom of the 8th over - 0 runs, 1 hit, 0 errors, 0 left on base; Minnesota 0 - Squirrel Hill 5
TOP OF THE 9TH
Minnesota Loons batting - Pitching for Squirrel Hill Pierogis : LHP Jang-lu Moy
Batting: SHB Pavlushenka Galanov 0-0: Called Strike
0-1: Swinging Strike
0-2: Ball
1-2: Ball
2-2: Foul Ball, location: 2F
2-2: Strikes out swinging
Batting: RHB Alberto Zúńiga 0-0: Foul Ball, location: 2F
0-1: Called Strike
0-2: Strikes out swinging
Batting: RHB José Garrastazu 0-0: Foul Ball, location: 2F
0-1: Called Strike
0-2: Ball
1-2: Strikes out swinging
Top of the 9th over - 0 runs, 0 hits, 0 errors, 0 left on base; Minnesota 0 - Squirrel Hill 5
Friday, March 26th, 2021 - OOTP Baseball 20.8 Build 74